 Dungeon Crawl Stone Soup version 0.18-a0-912-g81d1dc4 (webtiles) character file.

83 nobalance the Skirmisher (level 4, -2/42 HPs)
             Began as a Minotaur Berserker on Dec 25, 2015.
             Was a Believer of Trog.
             Slain by a gnoll
             ... wielding a cursed +0 whip
              (10 damage)
             ... on level 2 of the Dungeon.
             The game lasted 00:07:57 (987 turns).

nobalance the Skirmisher (Minotaur Berserker)        Turns: 987, Time: 00:07:57

Health: -2/42      AC:  4    Str: 22    XL:     4   Next: 22%
Magic:  3/3        EV: 12    Int:  4    God:    Trog [**....]
Gold:   91         SH:  0    Dex: 10    Spells: 0 memorised, 3 levels left

rFire  . . .     SeeInvis .     a - +0 mace
rCold  . . .     Gourm    .     m - +2 robe {MR+}
rNeg   . . .     Faith    .     (no shield)
rPois  .         Spirit   .     (helmet restricted)
rElec  .         Dismiss  .     (no cloak)
rCorr  .         Reflect  .     (no gloves)
SustAt .         Harm     .     (no boots)
MR     +....                    (no amulet)
Stlth  +.........               (no ring)
                                (no ring)

@: somewhat resistant to hostile enchantments, very unstealthy
A: retaliatory headbutt, horns 2
a: Berserk, Trog's Hand, Burn Spellbooks, Renounce Religion


You were on level 2 of the Dungeon.
You worshipped Trog.
Trog was pleased with you.
You were not hungry.

You visited 1 branch of the dungeon, and saw 2 of its levels.

You collected 91 gold pieces.

Inventory:

Hand Weapons
 a - a +0 mace (weapon)
Armour
 b - a +0 animal skin
 m - a +2 robe of magic resistance (worn)
Jewellery
 g - an uncursed ring of protection from cold
Wands
 q - a wand of enslavement (8/24)
Scrolls
 d - a scroll of noise {unknown}
 f - a scroll of recharging {unknown}
 i - 2 scrolls of enchant armour {unknown}
 j - 2 scrolls of amnesia {unknown}
 o - a scroll of identify {unknown}
Potions
 e - 3 potions of curing {unknown}
 h - a potion of heal wounds {unknown}
 n - a potion of brilliance {unknown}
 p - a potion of degeneration {unknown}
Comestibles
 c - 3 bread rations
 k - 3 chunks of flesh
 l - a beef jerky


   Skills:
 * Level 5.1 Fighting
 * Level 5.0 Maces & Flails
 - Level 2.4 Armour
 - Level 2.1 Dodging


You had 3 spell levels left.
You didn't know any spells.

Dungeon Overview and Level Annotations

Branches:
Dungeon (2/15)

Altars:
Qazlal
Xom


Innate Abilities, Weirdness & Mutations

You reflexively headbutt those who attack you in melee.
You have a pair of horns on your head.


Message History

Trog accepts your kill.
Your Maces & Flails skill increases to level 5!
The gnoll throws a throwing net.
The throwing net hits you.
You become entangled in the net!
You are held in a net!
You are held in a net!
You are held in a net!
You struggle against the net.
The gnoll hits you from afar with a spear.
The gnoll hits you with a whip.
You try to slip out of the net.
The gnoll hits you from afar with a spear.
* * * LOW HITPOINT WARNING * * *
The gnoll hits you with a whip.
* * * LOW HITPOINT WARNING * * *
You try to slip out of the net.
The gnoll closely misses you. The gnoll closely misses you.
You furiously retaliate!
You headbutt the gnoll!
You slip out of the net!
The gnoll hits you but does no damage. The gnoll hits you with a whip!
You die...

###.............. ##
#........g...#... .#
#.#......g#### .
.####.###.#.gr#
..##..###.###h##
#.........##..h#
##..#####....#.# (.....
.......g####
...#...##......g@.#
######.......#.##.#
##### ##........ ...
....####........ .....
......................#
.†.....#.#......#.......
.....###.#..............
........................
...(####.....##..


You could see 2 gnolls.

Vanquished Creatures
  An adder (D:2)
  A gnoll (D:2)
  An ooze (D:2)
  A worm (D:2)
  A ball python (D:2)
  7 bats
  5 giant cockroaches
  4 goblins
  10 hobgoblins
  9 jackals
  3 giant geckos
  2 giant newts
  3 kobolds
  4 rats
52 creatures vanquished.

Notes
Turn   | Place    | Note
--------------------------------------------------------------
     0 | D:1      | nobalance the Minotaur Berserker began the quest for the Orb.
     0 | D:1      | Reached XP level 1. HP: 19/19 MP: 0/0
   125 | D:1      | Reached skill level 4 in Maces & Flails
   125 | D:1      | Reached XP level 2. HP: 22/27 MP: 1/1
   484 | D:1      | Reached ** piety under Trog
   534 | D:1      | Reached XP level 3. HP: 21/34 MP: 2/2
   810 | D:2      | Found a shimmering altar of Xom.
   910 | D:2      | Found a stormy altar of Qazlal.
   974 | D:2      | Reached XP level 4. HP: 29/41 MP: 3/3
   976 | D:2      | Reached skill level 5 in Fighting
   983 | D:2      | Reached skill level 5 in Maces & Flails
   987 | D:2      | Slain by a gnoll

Vault maps used:
D:1:      dpeg_arrival_castle, minmay_misc_feat_plants
D:2:      lemuel_upstairs_altar, lemuel_coloured_pillars_altar,
          marbit_many_paths

Action                   |  1- 3 |  4- 6 || total
-------------------------+-------+-------++-------
Melee: Mace              |    84 |     9 ||    93
